 Dungeon Crawl Stone Soup version 0.28.0-43-g3370ac3207 (webtiles) character file.

Game seed: 1832415138712345360

179 issech the Cudgeller (level 5, -3/53 HPs)
             Began as a Troll Monk on Mar 15, 2022.
             Succumbed to a water moccasin's poison
             ... on level 3 of the Dungeon.
             The game lasted 00:09:42 (3142 turns).

issech the Cudgeller (Troll Monk)                   Turns: 3142, Time: 00:09:42

Health: -3/53      AC:  4    Str: 19    XL:     5   Next: 33%
Magic:  4/4        EV:  9    Int:  6    God:
Gold:   126        SH:  6    Dex: 14    Spells: 4/4 levels left

rFire   . . .      SeeInvis .   a - +0 mace
rCold   . . .      Faith    .   y - +0 kite shield
rNeg    . . .      Spirit   .   b - +0 robe
rPois   .          Reflect  .   i - +0 hat
rElec   .          Harm     .   k - scarf {shadows}
rCorr   .          Rampage  .   (gloves unavailable)
Will    .....                   (boots unavailable)
Stlth   ++........              (no amulet)
HPRegen 0.97/turn               (no ring)
MPRegen 0.09/turn               (no ring)

@: lethally poisoned (-3 -> -16)
A: large, unfitting armour, claws 3, regeneration 1, shaggy fur 1, tough skin 1
a: no special abilities


You were on level 3 of the Dungeon.
You visited 2 branches of the dungeon, and saw 5 of its levels.

You collected 126 gold pieces.

Inventory:

Hand Weapons
 a - a +0 mace (weapon)
 t - a +0 hunting sling
 v - a +0 halberd
Missiles
 d - 122 stones (quivered)
 g - 2 javelins
 j - 12 poisoned darts
 m - 20 sling bullets
 o - 21 bolts
Armour
 b - a +0 robe (worn)
 i - a +0 hat (worn)
 k - a scarf of shadows (worn)
 y - a +0 kite shield (worn)
Magical Staves
 s - a staff of poison
 w - a staff of earth
Wands
 x - a wand of polymorph (7)
Scrolls
 e - a scroll of identify {unknown}
 f - 3 scrolls of blinking {unknown}
 h - a scroll of torment {unknown}
 r - a scroll of teleportation {unknown}
Potions
 c - 2 potions of curing {unknown}
 l - a potion of mutation {unknown}
 n - a potion of resistance {unknown}
 p - a potion of haste {unknown}
 q - a potion of lignification {unknown}
 u - a potion of berserk rage {unknown}
 z - a potion of heal wounds {unknown}


   Skills:
 + Level 3.1 Fighting
 + Level 4.1 Maces & Flails
 + Level 3.3 Dodging
 + Level 1.3 Stealth


You had 4 spell levels left.
You didn't know any spells.
Your spell library contained the following spells:

 Spells                   Type           Power      Damage    Failure   Level
 Slow                     Hex            0%         N/A       80%         1
 Confusing Touch          Hex            0%         N/A       99%         3
 Ozocubu's Armour         Ice            0%         N/A       99%         3
 Tukima's Dance           Hex            0%         N/A       99%         3
 Vampiric Draining        Necr           0%         2d6       99%         3
 Passage of Golubria      Tloc           0%         N/A       100%        4
 Yara's Violent Unravell  Hex/Tmut       0%         3d3       100%        5
 Ozocubu's Refrigeration  Ice            0%         4d5       100%        7


Dungeon Overview and Level Annotations

Branches:
Dungeon (4/15)             Temple (1/1) D:4

Altars:
Cheibriados
Dithmenos
Elyvilon
Gozag
Kikubaaqudgha
Makhleb
Nemelex Xobeh
Sif Muna
Trog
Uskayaw
Wu Jian
Yredelemnul
Zin
The Shining One

Annotations:
D:2 1 runed translucent door, Crazy Yiuf


Innate Abilities, Weirdness & Mutations

You are too large for most types of armour.
You have claws for hands.
Your natural rate of healing is unusually fast.
You are covered in fur. (AC +1)
You have tough skin. (AC +1)


Message History

The water moccasin poisons you! The water moccasin closely misses you.
You hit the water moccasin but do no damage.
The water moccasin is moderately wounded.
You feel very sick.
You block the water moccasin's attack. x2
You barely miss the water moccasin.
The water moccasin is moderately wounded.
You feel sick.
The water moccasin bites you but does no damage.
The water moccasin bites you.
You are more poisoned.
The water moccasin poisons you!
You feel very sick.
You feel very sick.
You feel very sick. The water moccasin bites you.
You feel sick.
You feel sick.
The water moccasin bites you but does no damage.
You feel sick.
You feel sick.
You feel sick. You block the water moccasin's attack.
You feel sick.
You feel sick. The water moccasin closely misses you.
You feel sick.
You are no longer poisoned.
The water moccasin bites you.
* * * LOW HITPOINT WARNING * * *
You are poisoned.
The water moccasin poisons you!
* * * LOW HITPOINT WARNING * * *
You feel very sick.
You feel sick. The water moccasin closely misses you.
You feel sick.
You feel sick.
You feel sick. The water moccasin bites you.
* * * LOW HITPOINT WARNING * * *
You are more poisoned.
The water moccasin poisons you!
You die...

##############
#............###
#..............#
#..######......#######
#####..#.................#
.........#####.....##.##.#
# #####..#####
#..@..##.##.# # #
#........#
###.####.#..###### # #
#.#..###.# #S# #.........#
# ###.#..#
#.#####.####.#..####.# #
......)# #...............#
#.### ###.#.##
#######.####.##.# #.##.
###[#.##########.# #.##.#
#....
....#.>..........####.##.#
####.
###################......#
##


You could see a water moccasin.

Vanquished Creatures
  A hound (D:3)
  6 gnolls (D:3)
  3 adders
  A worm (D:3)
  2 orcs
  6 bats
  2 endoplasms
  3 giant cockroaches
  4 goblins
  7 hobgoblins
  9 kobolds
  3 quokkas
  5 ball pythons
  6 frilled lizards
  10 rats
68 creatures vanquished.

Vanquished Creatures (others)
  A plant (D:1)
1 creature vanquished.

Grand Total: 69 creatures vanquished

Notes
Turn   | Place    | Note
-------+----------+-------------------------------------------
     0 | D:1      | issech the Troll Monk began the quest for the Orb.
     0 | D:1      | Reached XP level 1. HP: 22/22 MP: 0/0
   433 | D:1      | Reached XP level 2. HP: 29/29 MP: 1/1
   596 | D:1      | Found a faded altar of an unknown god.
  1127 | D:2      | Reached skill level 3 in Maces & Flails
  1170 | D:2      | Reached XP level 3. HP: 22/36 MP: 2/2
  1264 | D:2      | Found a snail-covered altar of Cheibriados.
  1770 | D:2      | Found a runed translucent door.
  1771 | D:2      | Noticed Crazy Yiuf
  2171 | D:3      | Reached XP level 4. HP: 37/44 MP: 3/3
  2625 | D:3      | Reached XP level 5. HP: 35/53 MP: 4/4
  2752 | D:3      | Reached skill level 4 in Maces & Flails
  2777 | D:4      | Found a staircase to the Ecumenical Temple.
  2791 | Temple   | Entered the Ecumenical Temple
  3080 | D:4      | Noticed a water moccasin
  3141 | D:3      | HP: 1/53 [water moccasin (2)]
  3142 | D:3      | Succumbed to a water moccasin's poison

Illustrated notes

Levels and vault maps discovered:
D:1:      dpeg_arrival_arbitrary_b, layout_loops_corners, serial_forest,
          infiniplex_forest_clump_tiny, infiniplex_forest_lined_room_3,
          infiniplex_forest_end_3, infiniplex_forest_lined_ring,
          infiniplex_forest_straight_3, infiniplex_forest_straight_3,
          infiniplex_forest_lined_corner, infiniplex_forest_clump_small,
          ebering_ecumenical_altar_webs, minmay_tall_x
D:2:      layout_loops_cross, basic_altar, uniq_crazy_yiuf_cottage
D:3:      layout_loops_ring, kennysheep_generic_room_7
D:4:      layout_rooms, minmay_temple_entry_sparse_star,
          minmay_fractal_squares_5
Temple:   eino_temple_lava

Skill      XL: |  1  2  3  4  5 |
---------------+----------------+-----
Maces & Flails | 3 4 |  4.1
Dodging        | 3 |  3.3
Fighting       | 3 |  3.1
Stealth        | |  1.3

Action                   |  1- 3 |  4- 6 || total
-------------------------+-------+-------++-------
Melee: Mace              |   154 |    88 ||   242
       Punch             |     2 |     1 ||     3
 Stab: Sleeping          |     4 |     2 ||     6
Armor: Robe              |    60 |    20 ||    80
Dodge: Dodged            |   105 |    52 ||   157
Block: Kite shield       |       |     9 ||     9
